 Dungeon Crawl Stone Soup version 0.29.1-1-gd02db69 (webtiles) character file.

Game seed: 11389236972043166633

15409 jagoly the Fighter (level 12, 0/104 HPs)
             Began as an Octopode Transmuter on Oct 4, 2022.
             Was an Initiate of Gozag.
             Slain by a yak (9 damage)
             ... in an ice cave.
             The game lasted 01:24:14 (13298 turns).

jagoly the Fighter (Octopode Transmuter)           Turns: 13298, Time: 01:24:17

Health: 0/104      AC:  9    Str: 17    XL:     12   Next: 26%
Magic:  1/19       EV: 12    Int: 25    God:    Gozag
Gold:   606        SH:  0    Dex: 12    Spells: 3/21 levels left

rFire   . . .      SeeInvis .     - Unarmed
rCold   + + +      Faith    .   (shield currently unavailable)
rNeg    . . .      Spirit   .   (helmet currently unavailable)
rPois   +          Reflect  .   r - amulet of regeneration
rElec   +          Harm     .   n - +6 ring of strength
rCorr   +          Rampage  .   t - ring of poison resistance
Will    .....                   H - +6 ring of intelligence
Stlth   ++........              (no ring)
HPRegen 1.07/turn               (no ring)
MPRegen 0.16/turn               (no ring)
                                (no ring)
                                (no ring)

@: ice-form, resistant, wereblooded, hasted, very quick
A: freezing attack, boosted hp, almost no armour, amphibious, 8 rings, large,
(camouflage 1), (gelatinous body 1), (nimble swimmer 1), (tentacles)
a: End Transformation, Renounce Religion, Potion Petition, Call Merchant, Bribe
Branch


You were in an ice cave.
You worshipped Gozag.
Gozag was pleased with you.
You were a creature of crystalline ice.
You visited 3 branches of the dungeon, and saw 13 of its levels.
You also visited: Bailey and Ice Cave.

You collected 2371 gold pieces.
You spent 530 gold pieces at shops.
You paid 1235 gold pieces to Gozag.

Inventory:

Hand Weapons
 w - a +0 sling
 y - a +0 trident of venom
Missiles
 e - 63 stones
 l - 13 poisoned darts
 L - 3 throwing nets
 N - 2 javelins
Jewellery
 n - a +6 ring of strength (left front paw)
 r - an amulet of regeneration (around neck)
 t - a ring of poison resistance (right front paw)
 H - a +6 ring of intelligence (on tentacle)
Wands
 k - a wand of flame (43)
 D - a wand of roots (14)
 G - a wand of mindburst (14)
 O - a wand of paralysis (7)
Scrolls
 b - 9 scrolls of teleportation
 g - 2 scrolls of fear
 i - 3 scrolls of vulnerability
 m - a scroll of poison {unknown}
 q - 2 scrolls of blinking
 u - 2 scrolls of butterflies
 x - a scroll of immolation {unknown}
 z - 2 scrolls of torment {unknown}
 B - 4 scrolls of enchant weapon
 F - a scroll of enchant armour {unknown}
 I - a scroll of amnesia {unknown}
 K - 2 scrolls of magic mapping
 M - a scroll of silence {unknown}
 R - a scroll of brand weapon {unknown}
Potions
 a - 5 potions of lignification
 c - 5 potions of flight
 d - 2 potions of might
 f - 2 potions of invisibility {unknown}
 h - 2 potions of degeneration {unknown}
 j - 2 potions of brilliance {unknown}
 o - 5 potions of curing
 p - a potion of magic {unknown}
 s - a potion of mutation {unknown}
 v - a potion of cancellation {unknown}
 A - 2 potions of ambrosia {unknown}
 C - 2 potions of haste {unknown}
 E - a potion of resistance {unknown}
 P - 2 potions of heal wounds
 Q - a potion of berserk rage
Miscellaneous
 J - a lightning rod (4/4)


   Skills:
 + Level 10.2 Fighting
 + Level 6.4 Dodging
 - Level 2.0 Stealth
 + Level 10.1 Unarmed Combat
 - Level 5.0 Spellcasting
 - Level 2.0 Translocations
 - Level 7.0 Transmutations
 - Level 7.0 Ice Magic
 - Level 6.0 Poison Magic
 - Level 2.0 Evocations


You had 3 spell levels left.
You knew the following spells:

 Your Spells              Type           Power      Damage    Failure   Level
v - Poisonous Vapours     Pois/Air       42%        N/A       3%          2
A - Beastly Appendage     Tmut           82%        N/A       1%          1
B - Blink                 Tloc           32%        N/A       5%          2
O - Ice Form              Ice/Tmut       41%        N/A       4%          4
P - Spider Form           Tmut/Pois      38%        N/A       1%          3
R - Olgreb's Toxic Radia  Pois           36%        N/A       7%          4
W - Wereblood             Tmut           41%        N/A       1%          2

Your spell library contained the following spells:

 Spells                   Type           Power      Damage    Failure   Level
 Sting                    Tmut/Pois      100%       1d8       1%          1
 Lesser Beckoning         Tloc           16%        N/A       11%         3
 Manifold Assault         Tloc           16%        N/A       69%         5
 Dispersal                Tloc           8%         N/A       99%         6
 Disjunction              Tloc           8%         N/A       100%        8


Dungeon Overview and Level Annotations

Branches:
Dungeon (11/15) Zot: 25284  Temple (1/1) D:6 Zot: 5798    Lair (1/5) D:11 Zot: 5661
    Orc (0/2) D:11         Bailey (visited)           IceCv (1/1) Zot: 5854

Altars:
Ashenzari
Cheibriados
Dithmenos
Elyvilon
Fedhas
Gozag
Hepliaklqana
Kikubaaqudgha
Makhleb
Nemelex Xobeh
Okawaru
Qazlal
Ru
Sif Muna
Trog
Uskayaw
Vehumet
Wu Jian
Xom
Yredelemnul
Zin
The Shining One

Shops:
D:4 ((:!

Annotations:
D:8 2 transporters, jonnos's ghost, novice DrCj
D:10 Erica


Innate Abilities, Weirdness & Mutations

You are a creature of crystalline ice.
You have a powerful freezing melee attack.
Your maximum health is increased.
Your armour is entirely melded.
You are incapable of wielding weapons or throwing items.
You cannot wear most types of armour.
You are amphibious.
You can wear up to eight rings at the same time.
((Your skin changes colour to match your surroundings (Stealth+).))
((Your rubbery body absorbs attacks. (AC +1, EV +1)))
((You are camouflaged when in or above water. (Stealth+)))
((You have tentacles for arms and can constrict up to eight enemies at once.))


Message History

Aiming: Fastroot
Press: ? - help, Shift-Dir - straight line, p - yak The roots erupt in riotous growth!
The yak is unaffected.
Roots grab the yak.
Roots grab the death yak.
The grasping roots constrict the yak!
The grasping roots constrict the yak.
The grasping roots constrict the death yak.
The roots release their grip on the yak.
The death yak barely misses you.
The yak escapes!
Unknown command.
Unknown command.
The grasping roots constrict the death yak!
The roots release their grip on the death yak.
Cast which spell? (? or * to list)
Your blood is infused with primal strength.
* * * LOW MAGIC WARNING * * *
The death yak barely misses you.
Your magical contamination has completely faded away.
Unknown command.
You barely miss the yak.
The yak is almost dead.
A wolf comes into view.
The yak gores you!
* * * LOW HITPOINT WARNING * * *
The death yak gores you!!
* * * LOW HITPOINT WARNING * * *
The yak gores you!
* * * LOW HITPOINT WARNING * * *
The wolf howls! [a] - 200 gold - haste [b] - 550 gold - haste, heal wounds and resistance [c] - 448 gold - might, brilliance and invisibility Purchase which effect?
You no longer have enough gold to fund merchants seeking to open stores in the dungeon.
You feel yourself speed up.
You feel much better.
You feel protected. The death yak gores you!!
* * * LOW HITPOINT WARNING * * *
The yak gores you!
You die...
Your body crumbles into a pile of gold.

#### ### ##..##
##..#####....##
#....##Y......#
#.h..YY.∩.∩.#
##...Y......#
##..##....##
######..## ####


You could see a death yak (very poisoned), 2 yaks and a wolf.

Vanquished Creatures
  A boulder beetle (Lair:1)
  A death yak (IceCv)
  2 soul eaters (D:10)
  A sun demon (D:10)
  A cyclops (D:9)
  A gargoyle (Bailey)
  3 komodo dragons (D:11)
  2 ice devils (Lair:1)
  A hellwing (D:10)
  A polar bear (IceCv)
  2 trolls
  A hornet (D:6)
  A vampire (Bailey)
  A ynoxinul (D:10)
  A wraith (D:11)
  2 wyverns
  7 yaks
  A basilisk (D:11)
  2 vampire mosquitoes (D:11)
  A chaos spawn (D:10)
  2 acid dragons
  4 water moccasins
  9 orc warriors
  2 ice beasts
  A swamp drake (D:11)
  3 black bears
  2 ogres (D:11)
  12 wolves
  3 centaurs
  A phantom (D:4)
  A kobold brigand (D:10)
  A gnoll sergeant (D:9)
  6 bullfrogs
  5 scorpions
  A necrophage (D:6)
  20 killer bees
  7 howler monkeys
  7 vampire bats (Bailey)
  7 wolf zombies (Bailey)
  2 quasits (D:10)
  4 hounds
  A gnoll bouda (D:5)
  11 orc priests
  Jessica (D:2)
  3 iguanas
  11 orc wizards
  7 adders
  11 gnolls
  3 shadow imps (D:6)
  3 white imps (D:5)
  2 ufetubi
  55 orcs
  3 bats
  11 endoplasms
  A giant cockroach (D:3)
  6 goblins
  6 hobgoblins
  4 jackals (D:3)
  11 kobolds
  5 quokkas
  7 ball pythons
  4 frilled lizards
  19 orc zombies (Bailey)
  4 rats
322 creatures vanquished.

Vanquished Creatures (others)
  A wizard (D:3)
  4 demonic plants (D:10)
  A fungus (Lair:1)
  12 plants (D:3)
18 creatures vanquished.

Grand Total: 340 creatures vanquished

Notes
Turn   | Place    | Note
-------+----------+-------------------------------------------
     0 | D:1      | jagoly the Octopode Transmuter began the quest for the Orb.
     0 | D:1      | Reached XP level 1. HP: 13/13 MP: 3/3
    93 | D:1      | Reached skill level 1 in Poison Magic
    94 | D:1      | Reached XP level 2. HP: 18/18 MP: 3/5
   322 | D:1      | Learned a level 2 spell: Wereblood
   684 | D:1      | Reached XP level 3. HP: 20/23 MP: 4/6
   688 | D:1      | Learned a level 3 spell: Spider Form
   949 | D:2      | Noticed Jessica
   960 | D:2      | Killed Jessica
   966 | D:2      | Reached skill level 1 in Ice Magic
   966 | D:2      | Identified the +1 pair of boots "Numixkus" {rElec rC-
                  | rN+++}
  1120 | D:2      | Reached XP level 4. HP: 28/28 MP: 7/7
  2043 | D:3      | Reached XP level 5. HP: 32/33 MP: 5/8
  2043 | D:3      | Found a broken altar of Ashenzari.
  2043 | D:3      | Found a bloodstained altar of Trog.
  2388 | D:3      | Noticed a wizard
  2394 | D:3      | Killed a wizard
  2582 | D:3      | Found a faded altar of an unknown god.
  3068 | D:4      | Found Lewiageckyi's Weapon Emporium.
  3069 | D:4      | Found Xogufurph's Weapon Emporium.
  3074 | D:4      | Found Leon's Book Emporium.
  3079 | D:4      | Found Jotapn's Distillery.
  3090 | D:4      | Bought a potion of curing for 30 gold pieces
  3090 | D:4      | Bought a potion of heal wounds for 50 gold pieces
  3090 | D:4      | Bought a potion of might for 40 gold pieces
  3174 | D:4      | Found a burning altar of Makhleb.
  3245 | D:4      | Found a glowing golden altar of the Shining One.
  3305 | D:4      | Reached skill level 5 in Transmutations
  3305 | D:4      | Reached XP level 6. HP: 38/38 MP: 4/9
  3816 | D:5      | Entered Level 5 of the Dungeon
  3816 | D:5      | Noticed a black bear
  3828 | D:4      | Killed a black bear
  3900 | D:5      | Reached XP level 7. HP: 39/43 MP: 6/10
  3951 | D:4      | Learned a level 4 spell: Ice Form
  4102 | D:5      | Reached skill level 5 in Ice Magic
  4413 | D:5      | Identified the +7 chain mail "Ogauzeq" {*Slow rCorr Str+5
                  | SInv}
  4467 | D:5      | Reached XP level 8. HP: 48/48 MP: 7/11
  4769 | D:6      | Found a staircase to the Ecumenical Temple.
  4780 | D:6      | Reached skill level 1 in Stealth
  4785 | Temple   | Entered the Ecumenical Temple
  4968 | Temple   | Became a worshipper of Gozag Ym Sagoz the Greedy
  5058 | D:6      | Noticed a hornet
  5463 | D:6      | Found a shadowy altar of Dithmenos.
  5469 | D:6      | Found a blossoming altar of Fedhas.
  5646 | D:6      | Found a radiant altar of Vehumet.
  5882 | D:6      | Killed a hornet
  5883 | D:6      | Reached skill level 1 in Evocations
  5883 | D:6      | Reached XP level 9. HP: 45/57 MP: 8/12
  6679 | D:7      | Learned a level 2 spell: Blink
  7083 | D:7      | Reached skill level 1 in Translocations
  7157 | D:8      | Found a white marble altar of Elyvilon.
  7183 | D:8      | Found a transporter.
  7194 | D:8      | Found a transporter.
  7207 | D:8      | Reached skill level 5 in Fighting
  7207 | D:8      | Reached skill level 5 in Unarmed Combat
  7215 | D:8      | Found a bloodstained altar of Trog.
  7217 | D:8      | Noticed a two-headed ogre
  7247 | D:8      | Noticed jonnos's ghost (novice DrCj)
  7248 | D:8      | Noticed a moth of wrath
  7622 | D:8      | Found a flagged portal.
  7648 | Bailey   | Entered a bailey
  7989 | Bailey   | Noticed a gargoyle
  7996 | Bailey   | Killed a gargoyle
  7997 | Bailey   | Reached XP level 10. HP: 67/69 MP: 10/14
  8729 | D:8      | Identified the +2 robe "Yreloni" {Fly rF- Will+}
  9057 | D:4      | Bought a Young Poisoner's Handbook for 260 gold pieces
  9060 | D:4      | Learned a level 2 spell: Poisonous Vapours
  9645 | D:9      | Noticed a cyclops
  9677 | D:9      | Killed a cyclops
 10036 | D:10     | Entered Level 10 of the Dungeon
 10312 | D:10     | Reached XP level 11. HP: 77/77 MP: 10/17
 10394 | D:10     | Noticed a soul eater
 10394 | D:10     | Noticed a sun demon
 10438 | D:10     | Killed a sun demon
 10458 | D:10     | Noticed a soul eater
 10523 | D:10     | Found a snail-covered altar of Cheibriados.
 10586 | D:10     | Killed a soul eater
 10587 | D:10     | Reached skill level 5 in Spellcasting
 10833 | D:10     | Killed a soul eater
 11019 | D:10     | Found a shimmering altar of Xom.
 11039 | D:10     | Noticed Erica
 11153 | D:11     | Found a staircase to the Orcish Mines.
 11746 | D:11     | Reached skill level 5 in Dodging
 11852 | D:11     | Found a staircase to the Lair.
 12573 | D:4      | Bought a potion of heal wounds for 50 gold pieces
 12573 | D:4      | Bought a potion of heal wounds for 50 gold pieces
 12573 | D:4      | Bought a potion of berserk rage for 50 gold pieces
 12802 | D:11     | Learned a level 4 spell: Olgreb's Toxic Radiance
 12803 | Lair:1   | Entered Level 1 of the Lair of Beasts
 12973 | Lair:1   | Noticed a boulder beetle
 12992 | Lair:1   | Killed a boulder beetle
 12993 | Lair:1   | Reached XP level 12. HP: 68/87 MP: 10/19
 13041 | Lair:1   | Reached skill level 5 in Poison Magic
 13048 | Lair:1   | Reached skill level 10 in Fighting
 13081 | Lair:1   | Found a frozen archway.
 13095 | Lair:1   | Reached skill level 10 in Unarmed Combat
 13150 | IceCv    | Entered an ice cave
 13162 | IceCv    | Noticed a death yak
 13176 | IceCv    | Killed a death yak
 13283 | IceCv    | Noticed a death yak
 13298 | IceCv    | Slain by a yak

Illustrated notes

Levels and vault maps discovered:
D:1:      shiori_arrival_elements, layout_loops_ring
D:2:      layout_basic, uniq_jessica
D:3:      layout_loops_cross, trog_wizard, nicolae_ashenzari_skybound,
          dilly_ecumenical_altar_fadedgnrine, small_statue_intersection
D:4:      layout_cave_pods, nicolae_tso_swordbearing_angel,
          mainiacjoe_overflow_chevrons, minmay_shop_grid_forest
D:5:      layout_rooms
D:6:      hellmonk_crumbling_castle, layout_gridville, nicolae_vehumet_radiance,
          grunt_temple_overflow_open, minmay_temple_entry_junction
D:7:      layout_loops_corners
D:8:      layout_basic, elyvilon_altar_5, enter_bailey_1,
          gammafunk_ghost_wrathful_warriors, dreamdust_princess_bridge
D:9:      layout_gridville, billiards_dpeg
D:10:     layout_loops_corners, mainiacjoe_overflow_alcove_1,
          lemuel_doored_altar, serial_demonic, serial_demonic_b,
          serial_demonic_a, serial_demonic_d, serial_demonic_a, uniq_lodul,
          uniq_erica, uniq_sonja
D:11:     layout_roguey [special_room_orc], erik_lair_dragon
Temple:   chequers_temple_sunken
Lair:1:   layout_roguey, portal_ice_cave_demonic_guard
IceCv:    ice_cave_small_giant

Skill      XL: |  1  2  3  4  5  6  7  8  9 10 11 12 |
---------------+-------------------------------------+-----
Poison Magic   | 1 2 3 4 6 |  6.0
Transmutations | 3 4 5 6 7 |  7.0
Ice Magic      | 1 2 4 5 7 |  7.0
Stealth        | 2 |  2.0
Fighting       | 3 6 8 9 10 | 10.2
Evocations     | 1 2 |  2.0
Unarmed Combat | 6 8 9 10 | 10.1
Spellcasting   | 3 4 5 |  5.0
Translocations | 2 |  2.0
Dodging        | 5 6 |  6.4

Action                   |  1- 3 |  4- 6 |  7- 9 | 10-12 || total
-------------------------+-------+-------+-------+-------++-------
Melee: Unarmed           |    55 |   128 |   279 |   375 ||   837
       Kick              |    13 |    19 |       |       ||    32
       Constrict         |    12 |    15 |       |       ||    27
       Tentacles         |     6 |     4 |       |       ||    10
       Punch             |     3 |     4 |       |       ||     7
 Fire: Sling             |       |       |    35 |   250 ||   285
 Cast: Beastly Appendage |    20 |    22 |       |       ||    42
       Spider Form       |     1 |    17 |    13 |     1 ||    32
       Wereblood         |       |     5 |    10 |    16 ||    31
       Ice Form          |       |       |    33 |    41 ||    74
       Poisonous Vapours |       |       |       |    18 ||    18
       Olgreb's Toxic Ra |       |       |       |     5 ||     5
Invok: Potion Petition   |       |       |       |     2 ||     2
 Abil: End Transformatio |       |     2 |     1 |     1 ||     4
Evoke: Wand              |       |       |     4 |    12 ||    16
  Use: Scroll            |       |     1 |     4 |     7 ||    12
       Potion            |       |       |       |     4 ||     4
 Stab: Sleeping          |     4 |     5 |     1 |     3 ||    13
       Distracted        |       |       |       |     3 ||     3
Armor: Skin              |     2 |    11 |    50 |   117 ||   180
Dodge: Dodged            |    24 |    65 |   147 |   179 ||   415
Block: Other             |     2 |     5 |       |       ||     7
